 Dungeon Crawl Stone Soup version 0.27.1-3-gb3d3a73c9e (webtiles) character file.

Game seed: 17040731319176940083

858 raph the Firebug (level 7, -3/40 HPs)
             Began as a Deep Elf Fire Elementalist on Oct 13, 2021.
             Engulfed by a cloud of flame (8 damage)
             ... on level 4 of the Dungeon.
             The game lasted 00:08:44 (4607 turns).

raph the Firebug (Deep Elf Fire Elementalist)       Turns: 4607, Time: 00:08:45

Health: -3/40      AC:  5    Str:  6    XL:     7   Next: 71%
Magic:  6/16       EV: 13    Int: 21    God:
Gold:   237        SH:  0    Dex: 15    Spells: 3/15 levels left

rFire    + . .     SeeInvis .   o - +0 whip (venom)
rCold    + . .     Faith    .   (no shield)
rNeg     . . .     Spirit   .   a - +0 robe
rPois    +         Reflect  .   g - +0 helmet
rElec    .         Harm     .   d - scarf {rC+ rF+}
rCorr    .         Rampage  .   n - +1 pair of gloves
Will     .....                  (no boots)
Stlth    +++.......             (no amulet)
HPRegen  0.13/turn              h - ring of poison resistance
MPRegen  0.15/turn              (no ring)

@: very slightly contaminated
A: no striking features
a: no special abilities


You were on level 4 of the Dungeon.
You visited 1 branch of the dungeon, and saw 4 of its levels.

You collected 237 gold pieces.

Inventory:

Hand Weapons
 b - a +0 short sword
 i - a +1 dagger of holy wrath
 o - a +0 whip of venom (weapon)
Armour
 a - a +0 robe (worn)
 d - a scarf of resistance (worn)
 g - a +0 helmet (worn)
 k - a +0 cloak
 n - a +1 pair of gloves (worn)
Magical Staves
 f - a staff of earth
Jewellery
 h - a ring of poison resistance (left hand)
Scrolls
 c - a scroll of identify
 l - a scroll of teleportation {unknown}
 m - a scroll of noise {unknown}
Potions
 e - 3 potions of curing
 j - a potion of ambrosia


   Skills:
 + Level 2.3 Fighting
 + Level 4.2 Dodging
 + Level 4.6 Stealth
 + Level 4.9 Spellcasting
 * Level 4.9 Conjurations
 * Level 5.7 Fire Magic


You had 3 spell levels left.
You knew the following spells:

 Your Spells              Type           Power      Damage    Failure   Level
a - Foxfire               Conj/Fire      100%       2x1d9     1%          1
b - Conjure Flame         Conj/Fire      27%        6-21      3%          3
c - Inner Flame           Hex/Fire       17%        N/A       10%         3
d - Sticky Flame          Conj/Fire      27%        2d5       12%         4
e - Summon Small Mammal   Summ           20%        N/A       11%         1

Your spell library contained the following spells:

 Spells                   Type           Power      Damage    Failure   Level
 Animate Skeleton         Necr           10%        N/A       11%         1
 Apportation              Tloc           10%        N/A       11%         1
 Corona                   Hex            5%         N/A       11%         1
 Fireball                 Conj/Fire      13%        3d7       34%         5


Dungeon Overview and Level Annotations

Branches:
Dungeon (4/15)
 Temple: D:4-7

Altars:
Gozag


Message History

The black bear is covered in liquid flames!
The black bear burns!
The black bear goes berserk!
The black bear burns!
The black bear burns!
You kill the black bear!
You start resting.
Magic restored.
HP restored.
Found an opulent altar of Gozag.
An adder comes into view.
The adder hisses angrily.
Casting: Sticky Flame (quite dangerous; 12% risk of failure)
Confirm with . or Enter, or press ? or * to list all spells.
Aiming: Inner Flame (dangerous; 10% risk of failure)
Press: ? - help, Shift-Dir - straight line, f - adder
Aim: an adder (chance to affect: 80%)
The adder is filled with an inner flame.
The adder misses you. The adder bites you.
Casting: Inner Flame (dangerous; 10% risk of failure)
Confirm with . or Enter, or press ? or * to list all spells.
Aiming: Sticky Flame (quite dangerous; 12% risk of failure)
Press: ? - help, Shift-Dir - straight line, f/p - adder
Aim: an adder (inner flame, 100% to hit)
You miscast Sticky Flame.
You are very lightly contaminated with residual magic.
You feel a strange surge of energy! The adder bites you but does no damage.
The adder misses you. The adder completely misses you.
The adder barely misses you.
Casting: Sticky Flame (quite dangerous; 12% risk of failure)
Confirm with . or Enter, or press ? or * to list all spells.
Aiming: Sticky Flame (quite dangerous; 12% risk of failure)
Press: ? - help, Shift-Dir - straight line, f/p - adder
Aim: an adder (inner flame, 100% to hit)
The sticky flame hits the adder!
The adder explodes!
The fiery explosion engulfs you!! You resist.
Ouch! That really hurt!
* * * LOW HITPOINT WARNING * * *
You are engulfed in blazing flames.
You resist.
You die...

#......# #.....###......
#......# ##......#......
#......####### #.#..#........
#.........†..# #.##....##....
#......#####.###.....#.#####.
#......# #......#.#### #.
##.##########..####.# #. ##.#
#....(§§§####.# ###. ##..#
#.....@§§..##.######...
#..#####.....§###.#####.....##
#.###....#..###⌠#.#⌠##..#####
#.###.###..## #.....##.##
#.#...# #.## #.._..#..######
#.#.### #.# #.....#..##...#
##...# #.# #######.......#
#...### #.# #.....###...#
###.#...# #.# #########..(#


There were no monsters in sight!

Vanquished Creatures
  Eustachio (D:4)
  An ice beast (D:4)
  A necrophage (D:3)
  A black bear (D:4)
  An ogre (D:4)
  A scorpion (D:4)
  An orc priest (D:4)
  Crazy Yiuf (D:3)
  2 hounds (D:4)
  An orc wizard (D:3)
  Robin (D:3)
  3 adders
  4 worms
  2 dart slugs
  11 orcs
  9 ball pythons
  8 endoplasms
  3 giant cockroaches
  19 goblins
  9 hobgoblins
  6 jackals
  9 kobolds
  7 quokkas
  7 bats
  8 frilled lizards
  2 rats (D:1)
119 creatures vanquished.

Vanquished Creatures (collateral kills)
  A hobgoblin (D:3)
  4 foxfires (D:3)
5 creatures vanquished.

Vanquished Creatures (others)
  365 foxfires
  57 plants (D:3)
422 creatures vanquished.

Grand Total: 546 creatures vanquished

Notes
Turn   | Place    | Note
-------+----------+-------------------------------------------
     0 | D:1      | raph the Deep Elf Fire Elementalist began the quest for the
                  | Orb.
     0 | D:1      | Reached XP level 1. HP: 10/10 MP: 6/6
   222 | D:1      | Reached XP level 2. HP: 15/15 MP: 6/8
   675 | D:1      | Reached XP level 3. HP: 20/20 MP: 7/9
   743 | D:1      | Learned a level 3 spell: Conjure Flame
   747 | D:1      | Learned a level 3 spell: Inner Flame
  1845 | D:2      | Found a faded altar of an unknown god.
  2089 | D:3      | Noticed a necrophage
  2108 | D:3      | Killed a necrophage
  2109 | D:3      | Reached skill level 1 in Fighting
  2109 | D:3      | Reached skill level 4 in Fire Magic
  2109 | D:3      | Reached XP level 4. HP: 13/25 MP: 2/11
  2109 | D:3      | Reached XP level 5. HP: 15/29 MP: 2/12
  2262 | D:3      | Learned a level 4 spell: Sticky Flame
  2425 | D:3      | Noticed Robin
  2434 | D:3      | Killed Robin
  2678 | D:3      | Identified a scroll of acquirement
  2678 | D:3      | Acquired a book of Cantrips
  2941 | D:3      | Learned a level 1 spell: Summon Small Mammal
  3120 | D:3      | Found a runed translucent door.
  3121 | D:3      | Noticed Crazy Yiuf
  3140 | D:3      | Killed Crazy Yiuf
  3141 | D:3      | Reached XP level 6. HP: 34/34 MP: 2/14
  3788 | D:4      | Noticed an ice beast
  3801 | D:4      | Killed an ice beast
  3802 | D:4      | Reached skill level 5 in Fire Magic
  3896 | D:4      | Noticed Eustachio
  3904 | D:4      | Killed Eustachio
  3905 | D:4      | Reached XP level 7. HP: 28/40 MP: 5/15
  4594 | D:4      | Found an opulent altar of Gozag.
  4607 | D:4      | Engulfed by a cloud of flame

Illustrated notes

Levels and vault maps discovered:
D:1:      dpeg_arrival_round_a, layout_basic, corexii_leaking_fountain
D:2:      layout_basic, hellmonk_ecumenical_altar_crossroads
D:3:      layout_basic, serial_bayou, serial_bayou_pond_e, serial_bayou_pond_c,
          serial_bayou_pond_e, serial_bayou_lagoon_a, serial_bayou_lake_a,
          minmay_fountain_box, guppyfry_early_orc_mine, uniq_robin,
          uniq_crazy_yiuf_cottage
D:4:      layout_rooms, mainiacjoe_overflow_alcove_2, feat_on_display,
          uniq_eustachio

Skill      XL: |  1  2  3  4  5  6  7 |
---------------+----------------------+-----
Conjurations   | 2 3 4 |  4.9
Stealth        | 3 4 |  4.6
Fighting       | 1 2 |  2.3
Dodging        | 3 4 |  4.2
Fire Magic     | 4 5 |  5.7
Spellcasting   | 4 |  4.9

Action                   |  1- 3 |  4- 6 |  7- 9 || total
-------------------------+-------+-------+-------++-------
Melee: Unarmed           |     1 |       |       ||     1
       Short sword       |    13 |     5 |       ||    18
       Dagger            |       |     6 |       ||     6
 Cast: Foxfire           |    85 |   108 |    26 ||   219
       Conjure Flame     |       |     2 |       ||     2
       Sticky Flame      |       |     2 |     2 ||     4
       Inner Flame       |       |       |     2 ||     2
  Use: Scroll            |       |     5 |       ||     5
 Stab: Sleeping          |       |     2 |       ||     2
Armor: Robe              |     4 |     4 |     2 ||    10
Dodge: Dodged            |    11 |    15 |     6 ||    32
